 Dungeon Crawl Stone Soup version 0.26.1-11-gd32895ea62 (webtiles) character file.

Game seed: 10418070550967850999

4278 Tirrikindir the Carver (level 10, 0/66 HPs)
             Began as an Octopode Fighter on June 2, 2021.
             Was an Initiate of Gozag.
             Slain by a bullfrog skeleton (5 damage)
             ... on level 9 of the Dungeon.
             The game lasted 00:23:46 (10978 turns).

Tirrikindir the Carver (Octopode Fighter)          Turns: 10978, Time: 00:23:47

Health: 0/66       AC:  1    Str: 18    XL:     10   Next: 31%
Magic:  0/10       EV: 15    Int: 16    God:    Gozag
Gold:   487        SH: 12    Dex: 13    Spells: 9/9 levels left

rFire    . . .     SeeInvis .   a - +2 long sword
rCold    . . .     Faith    .   b - +2 kite shield
rNeg     . . .     Spirit   +   (helmet restricted)
rPois    .         Reflect  .   o - amulet of guardian spirit
rElec    .         Harm     .   i - ring of wizardry
rCorr    .         Rampage  .   m - +6 ring of intelligence
Will     .....                  (no ring)
Stlth    ++++......             (no ring)
HPRegen  0.21/turn              (no ring)
MPRegen  0.12/turn              (no ring)
                                (no ring)
                                (no ring)

@: no status effects
A: almost no armour, stealthy swim, amphibious, 8 rings, constrict 8, camouflage
1, gelatinous body 1
a: Renounce Religion, Potion Petition, Call Merchant, Bribe Branch


You were on level 9 of the Dungeon.
You worshipped Gozag.
Gozag was aware of your devotion.
You visited 2 branches of the dungeon, and saw 10 of its levels.

You collected 1361 gold pieces.
You paid 874 gold pieces to Gozag.

Inventory:

Hand Weapons
 a - a +2 long sword (weapon)
 r - a +0 rapier
Missiles
 f - 9 poisoned darts (quivered)
Armour
 b - a +2 kite shield (worn)
Jewellery
 i - a ring of wizardry (left tentacle)
 m - a +6 ring of intelligence (right tentacle)
 o - an amulet of guardian spirit (around mantle)
Wands
 c - a wand of polymorph (8)
 q - a wand of flame (4)
Scrolls
 d - 2 scrolls of teleportation
 j - 2 scrolls of remove curse
 k - 2 scrolls of identify
 n - 5 scrolls of magic mapping
 p - a scroll of amnesia
 s - 4 scrolls of immolation
Potions
 g - 3 potions of magic
 h - 2 potions of lignification
 l - a potion of brilliance


   Skills:
 + Level 5.4 Fighting
 * Level 9.6 Long Blades
 * Level 6.7 Dodging
 + Level 6.5 Stealth
 * Level 6.6 Shields
 + Level 3.8 Evocations


You had 9 spell levels left.
You didn't know any spells.
Your spell library was empty.

Dungeon Overview and Level Annotations

Branches:
Dungeon (9/15)             Temple (1/1) D:6            Lair (0/6) D:8
    Orc: D:9-12

Altars:
Ashenzari
Cheibriados
Dithmenos
Elyvilon
Fedhas
Gozag
Hepliaklqana
Kikubaaqudgha
Makhleb
Nemelex Xobeh
Okawaru
Qazlal
Ru
Sif Muna
Trog
Uskayaw
Vehumet
Wu Jian
Xom
Yredelemnul
Zin
The Shining One

Shops:
D:4 (   D:8 [=

Annotations:
D:5 2 runed translucent doors, caitlindye's ghost, novice HOFi


Innate Abilities, Weirdness & Mutations

You cannot wear most types of armour.
You are very stealthy in the water. (Stealth+)
You are amphibious.
You can wear up to eight rings at the same time.
You can use your tentacles to constrict eight enemies at once.
Your skin changes colour to match your surroundings (Stealth+).
Your rubbery body absorbs attacks. (AC +1, EV +1)


Message History

You constrict the bullfrog skeleton. You block the wyvern's attack.
The adder zombie bites you.
* * * LOW HITPOINT WARNING * * *
The orc warrior closely misses you.
You riposte.
You hit the orc warrior. You grab the orc warrior.
You squeeze the orc warrior, but do no damage.
The orc warrior is lightly wounded.
The bullfrog skeleton barely misses you.
You riposte.
You hit the bullfrog skeleton.
The bullfrog skeleton is heavily damaged.
You block the wyvern's attack. The adder zombie bites you.
* * * LOW HITPOINT WARNING * * *
You hit the orc warrior. You squeeze the orc warrior!
The orc warrior is heavily wounded.
You constrict the orc warrior, but do no damage.
You constrict the bullfrog skeleton.
A centaur comes into view.
The bullfrog skeleton hits you.
You die...
Your body crumbles into a pile of gold.

#. ...........
#.#.........#
#..#.......## .
#.....#.... ..
##..#....##..(
#...........#
##..........#
..#....lZZ..#.#
......l..@....[#
....#....o..####
... #......## .
#......#
##.....# ##.$...
####.c. ."..


You could see an orc warrior, a wyvern, a centaur (wandering), an iguana, an
adder zombie and a bullfrog skeleton.

Vanquished Creatures
  A troll (D:8)
  A wyvern (D:8)
  An ice beast (D:6)
  3 orc warriors
  A phantom (D:6)
  2 ogres
  3 sky beasts
  2 wolves (D:8)
  5 centaurs
  2 bullfrogs
  A water moccasin skeleton (D:4)
  4 scorpions
  5 killer bees (D:8)
  4 howler monkeys
  5 electric eels (D:8)
  A bullfrog zombie (D:6)
  A centaur zombie (D:7)
  A quasit (D:7)
  9 hounds
  An orc priest (D:7)
  3 jellies
  9 orc wizards
  Terence (D:2)
  3 iguanas
  12 worker ants
  A hound skeleton (D:6)
  A worker ant zombie (D:5)
  A howler monkey skeleton (D:4)
  4 gnolls (D:8)
  8 adders
  2 shadow imps
  A white imp (D:8)
  An ufetubus (D:6)
  3 oozes
  4 worms
  7 dart slugs
  7 leopard geckos
  25 orcs
  6 giant cockroaches
  9 goblins
  3 hobgoblins (D:1)
  14 jackals
  3 quokkas
  4 ball pythons
  7 bats
  6 frilled lizards
  3 goblin zombies (D:8)
  3 hobgoblin zombies (D:8)
  7 kobolds
  A kobold skeleton (D:8)
  A kobold zombie (D:8)
  A leopard gecko zombie (D:7)
  2 orc skeletons (D:8)
  An orc zombie (D:8)
  14 rats
231 creatures vanquished.

Vanquished Creatures (others)
  An orc (D:8)
  80 plants
81 creatures vanquished.

Grand Total: 312 creatures vanquished

Notes
Turn   | Place    | Note
-------+----------+-------------------------------------------
     0 | D:1      | Tirrikindir the Octopode Fighter began the quest for the
                  | Orb.
     0 | D:1      | Reached XP level 1. HP: 16/16 MP: 1/1
    98 | D:1      | Reached XP level 2. HP: 21/21 MP: 2/2
   205 | D:1      | Reached skill level 1 in Stealth
   521 | D:1      | Reached XP level 3. HP: 26/26 MP: 3/3
   833 | D:2      | Found a blossoming altar of Fedhas.
  1237 | D:2      | Noticed Terence
  1249 | D:2      | Killed Terence
  1250 | D:2      | Reached skill level 3 in Long Blades
  1250 | D:2      | Reached XP level 4. HP: 31/31 MP: 4/4
  1397 | D:2      | Found a sparkling altar of Nemelex Xobeh.
  1403 | D:2      | Found a blossoming altar of Fedhas.
  1405 | D:2      | Found a glowing golden altar of the Shining One.
  1407 | D:2      | Found a burning altar of Makhleb.
  2054 | D:3      | Reached XP level 5. HP: 36/36 MP: 5/5
  2623 | D:3      | Noticed a centaur
  2632 | D:3      | Killed a centaur
  2633 | D:3      | Reached skill level 4 in Long Blades
  2633 | D:3      | Reached XP level 6. HP: 35/43 MP: 6/6
  3841 | D:4      | Found a sparkling altar of Nemelex Xobeh.
  3989 | D:4      | Found Fyjof's Antique Weapon Emporium.
  4095 | D:4      | Reached XP level 7. HP: 43/48 MP: 5/7
  4107 | D:4      | Reached skill level 5 in Long Blades
  4400 | D:5      | Entered Level 5 of the Dungeon
  4414 | D:5      | Found a runed translucent door.
  4417 | D:5      | Noticed caitlindye's ghost (novice HOFi)
  4607 | D:5      | Found a shimmering altar of Xom.
  4730 | D:5      | Reached skill level 6 in Long Blades
  5032 | D:5      | Found a runed translucent door.
  5684 | D:6      | Reached skill level 7 in Long Blades
  5684 | D:6      | Reached XP level 8. HP: 49/54 MP: 6/8
  5859 | D:6      | Found an opulent altar of Gozag.
  5860 | D:6      | Found a glowing silver altar of Zin.
  5864 | D:6      | Became a worshipper of Gozag Ym Sagoz the Greedy
  5887 | D:6      | Reached skill level 8 in Long Blades
  6189 | D:6      | Reached skill level 1 in Evocations
  6410 | D:6      | Reached XP level 9. HP: 37/59 MP: 6/9
  6545 | D:6      | Found a staircase to the Ecumenical Temple.
  6554 | Temple   | Entered the Ecumenical Temple
  7229 | D:6      | Reached skill level 5 in Dodging
  7290 | D:6      | Reached skill level 5 in Stealth
  7290 | D:6      | Reached skill level 5 in Shields
  7453 | D:6      | Found an ornate altar of the Wu Jian Council.
  7877 | D:7      | Found a basalt altar of Yredelemnul.
  8908 | D:8      | Reached skill level 9 in Long Blades
  8915 | D:8      | Noticed a troll
  8933 | D:8      | Killed a troll
  9136 | D:8      | Reached skill level 5 in Fighting
  9167 | D:8      | Reached XP level 10. HP: 61/66 MP: 2/10
  9606 | D:8      | Found Qassih's Antique Armour Shoppe.
 10277 | D:8      | Found a glowing golden altar of the Shining One.
 10713 | D:8      | Found a staircase to the Lair.
 10978 | D:9      | Slain by a bullfrog skeleton

Illustrated notes

Levels and vault maps discovered:
D:1:      evilmike_arrival_crescent, layout_basic
D:2:      layout_basic, minitemple, fedhas_ov_isle_minmay, uniq_terence
D:3:      layout_loops_ring, hangedman_decor_opposing
D:4:      layout_loops_corners, serial_bayou, serial_bayou_pond_b,
          serial_bayou_crossing, serial_bayou_lagoon_a, serial_bayou_pond_e,
          serial_bayou_pond_b, serial_shops, kennysheep_mini_moat,
          nemelex_xobeh_ov_fountains_minmay
D:5:      layout_loops_ring, basic_altar, ebering_ghost_sewer_f
D:6:      layout_rooms, grunt_temple_overflow_gold_and_silver,
          kennysheep_little_box, minmay_temple_entry_overgrown, st_stairs_11,
          kennysheep_generic_room_7
D:7:      layout_loops_ring, marbit_many_paths
D:8:      layout_basic, erik_lair_island, serial_shops,
          nicolae_shop_behind_doors, nicolae_tso_besieged_by_evil
D:9:      layout_rooms, minmay_bent
Temple:   minmay_temple_curvy_branch

Skill      XL: |  1  2  3  4  5  6  7  8  9 |
---------------+----------------------------+-----
Stealth        | 1 2 4 6 |  6.5
Long Blades    | 3 4 7 8 9 |  9.6
Shields        | 4 6 |  6.6
Fighting       | 4 5 |  5.4
Dodging        | 4 6 |  6.7
Evocations     | 1 3 |  3.8

Action                   |  1- 3 |  4- 6 |  7- 9 | 10-12 || total
-------------------------+-------+-------+-------+-------++-------
Melee: Long sword        |    63 |   175 |   278 |    89 ||   605
       Constrict         |    26 |    71 |    66 |    19 ||   182
       Tentacles         |    11 |    46 |    91 |    23 ||   171
Throw: Dart              |       |    11 |    11 |     9 ||    31
Invok: Potion Petition   |       |       |     1 |       ||     1
       Call Merchant     |       |       |       |     1 ||     1
Evoke: Wand              |       |       |       |     7 ||     7
  Use: Scroll            |     3 |     8 |     8 |     2 ||    21
       Potion            |       |       |     8 |     2 ||    10
 Stab: Sleeping          |     2 |    13 |    14 |     6 ||    35
       Distracted        |       |       |     3 |       ||     3
       Invisible         |       |       |     1 |       ||     1
Armor: Skin              |     3 |     8 |    15 |     3 ||    29
Dodge: Dodged            |    31 |    58 |   112 |    48 ||   249
Block: Kite shield       |    22 |    60 |   124 |    52 ||   258
       Rpst.: Long sword |     7 |    18 |    37 |    11 ||    73
